 Dungeon Crawl Stone Soup version 0.29-a0-648-g6b26cc9f40 (webtiles) character file.

Game seed: 17556602573531001601

3 frimble the Grasshopper (level 1, -1/14 HPs)
             Began as an Octopode Warper on June 21, 2022.
             Slain by a quokka (2 damage)
             ... on level 1 of the Dungeon.
             The game lasted 00:00:18 (54 turns).

frimble the Grasshopper (Octopode Warper)             Turns: 54, Time: 00:00:18

Health: -1/14      AC:  1    Str: 10    XL:     1   Next: 50%
Magic:  3/3        EV: 13    Int: 15    God:
Gold:   0          SH:  0    Dex: 11    Spells: 4/4 levels left

rFire   . . .      SeeInvis .   a - +0 falchion
rCold   . . .      Faith    .   (no shield)
rNeg    . . .      Spirit   .   (helmet restricted)
rPois   .          Reflect  .   (no amulet)
rElec   .          Harm     .   (no ring)
rCorr   .          Rampage  .   (no ring)
Will    .....                   (no ring)
Stlth   ++........              (no ring)
HPRegen 0.04/turn               (no ring)
MPRegen 0.08/turn               (no ring)
                                (no ring)
                                (no ring)

@: no status effects
A: almost no armour, amphibious, 8 rings, camouflage 1, gelatinous body 1,
(nimble swimmer 1), tentacles
a: no special abilities


You were on level 1 of the Dungeon.
You visited 1 branch of the dungeon, and saw 1 of its levels.

Inventory:

Hand Weapons
 a - a +0 falchion (weapon)
Missiles
 c - 7 boomerangs of dispersal (quivered)
Scrolls
 b - a scroll of blinking


   Skills:
 - Level 2.0 Fighting
 + Level 2.1 Long Blades
 - Level 1.0 Throwing
 - Level 2.3 Dodging
 + Level 0.6 Stealth
 - Level 2.0 Spellcasting
 + Level 3.0 Translocations


You had 4 spell levels left.
You didn't know any spells.
Your spell library contained the following spells:

 Spells                   Type           Power      Damage    Failure   Level
 Blink                    Tloc           20%        N/A       10%         2
 Gell's Gravitas          Tloc           10%        N/A       19%         3
 Lesser Beckoning         Tloc           10%        N/A       19%         3
 Teleport Other           Tloc           10%        N/A       19%         3
 Manifold Assault         Tloc           10%        N/A       86%         5


Dungeon Overview and Level Annotations

Branches:
Dungeon (1/15)

Altars:


Innate Abilities, Weirdness & Mutations

You cannot wear most types of armour.
You are amphibious.
You can wear up to eight rings at the same time.
Your skin changes colour to match your surroundings (Stealth+).
Your rubbery body absorbs attacks. (AC +1, EV +1)
((You are camouflaged when in or above water. (Stealth+)))
You have tentacles for arms and can constrict up to eight enemies at once.


Message History

The frilled lizard closely misses you.
You are too injured to fight recklessly!
You are too injured to fight recklessly!
You are too injured to fight recklessly!
You are too injured to fight recklessly!
You are too injured to fight recklessly!
You are too injured to fight recklessly!
You are too injured to fight recklessly!
You are too injured to fight recklessly!
You are too injured to fight recklessly!
You are too injured to fight recklessly!
You are too injured to fight recklessly!
You are too injured to fight recklessly!
You are too injured to fight recklessly!
You are too injured to fight recklessly!
You are too injured to fight recklessly!
You are too injured to fight recklessly!
You barely miss the frilled lizard. Your grab misses the frilled lizard.
The quokka closely misses you. The frilled lizard bites you.
The quokka bites you.
You barely miss the frilled lizard. You grab the frilled lizard.
You squeeze the frilled lizard.
You kill the frilled lizard!
The quokka closely misses you. The frilled lizard misses you.
You miss the frilled lizard. You grab the frilled lizard.
You squeeze the frilled lizard, but do no damage.
You constrict the frilled lizard.
You kill the frilled lizard!
The quokka misses you. The quokka bites you.
* * * LOW HITPOINT WARNING * * *
You aren't carrying any potions.
Unknown command.
You don't know any spells.
Unknown command.
You hit the quokka. You grab the quokka.
The quokka is heavily wounded.
You constrict the quokka. The dart slug launches a dart at you.
The slug dart misses you. The quokka bites you.
You die...

.##.# #.##.#.#.. ..
.##.# #.##.#.... .).
.##.#### #.#.....###....
.......###.#.#..?#...#.
.##..#.....#...........
....................###.
.###(...#...............
.# #............)w......
## #...###..###.@†..#..
#...## #.$# ##.r$>....
....#.# ##.# #........
....... ..# #........
..###.# .## ......... .#
#.# .. ......... . #.#
#. ......... ##........


You could see a dart slug and a quokka.

Vanquished Creatures
  A goblin (D:1)
  2 frilled lizards (D:1)
  A rat (D:1)
4 creatures vanquished.

Notes
Turn   | Place    | Note
-------+----------+-------------------------------------------
     0 | D:1      | frimble the Octopode Warper began the quest for the Orb.
     0 | D:1      | Reached XP level 1. HP: 14/14 MP: 3/3
    54 | D:1      | Slain by a quokka

Illustrated notes

Levels and vault maps discovered:
D:1:      erik_arrival_triangle_small, layout_rooms, grunt_decor_resistance,
          lexackson_kobold_supper

Action                   || total
-------------------------++-------
Melee: Falchion          ||     7
       Constrict         ||     3
       Tentacles         ||     2
Dodge: Dodged            ||     9

Table legend: (Time is in decaauts)
 A = Elapsed time spent in this place.
 B = Non-inter-level travel time spent in this place.
 C = Inter-level travel time spent in this place.
 D = Time resting spent in this place.
 E = Time spent auto-exploring this place.
 F = Levels seen in this place.
 G = Mean time per level.
                   A        B        C        D        E       F      G
               +--------+--------+--------+--------+--------+-----+--------+
         Total |     55 |     55 |      0 |      0 |     36 |   1 |   55.0 |
       Dungeon |     55 |     55 |      0 |      0 |     36 |   1 |   55.0 |
               +--------+--------+--------+--------+--------+-----+--------+

Top non-repeatable levels by time:
     D:1: 55 daAuts
